 Dungeon Crawl Stone Soup version 0.27-a0-679-g77a6b55cf3 (webtiles) character file.

Game seed: 11802945227653004078

385 jasper the Cleaver (level 6, -4/78 HPs)
             Began as a Minotaur Berserker on Mar 18, 2021.
             Was a Follower of Trog.
             Slain by a centaur (6 damage)
             ... on level 5 of the Dungeon.
             The game lasted 00:07:57 (3011 turns).

jasper the Cleaver (Minotaur Berserker)             Turns: 3011, Time: 00:07:58

Health: -4/78      AC:  7    Str: 21    XL:     6   Next: 48%
Magic:  5/5        EV: 11    Int:  4    God:    Trog [*.....]
Gold:   58         SH:  0    Dex: 12    Spells: 5/5 levels left

rFire    . . .     SeeInvis .   a - +0 hand axe
rCold    . . .     Faith    .   (no shield)
rNeg     . . .     Spirit   .   h - +0 ring mail
rPois    +         Reflect  .   (helmet restricted)
rElec    .         Harm     .   (no cloak)
rCorr    .         Rampage  .   (no gloves)
Will     .....                  (no boots)
Stlth    ..........             (no amulet)
HPRegen  0.23/turn              (no ring)
MPRegen  0.09/turn              (no ring)

@: berserking (expiring), very quick
A: horns 2, retaliatory headbutt, thin metallic scales 1, poison resistance,
subdued magic 1
a: Renounce Religion, Berserk


You were on level 5 of the Dungeon.
You worshipped Trog.
Trog was aware of your devotion.
You visited 1 branch of the dungeon, and saw 4 of its levels.

You collected 58 gold pieces.

Inventory:

Hand Weapons
 a - a +0 hand axe (weapon)
 m - a +0 hunting sling
Missiles
 e - 142 stones
 f - 74 arrows
 i - 22 bolts
 l - 6 poisoned darts (quivered)
Armour
 b - a +0 animal skin
 h - a +0 ring mail (worn)
Scrolls
 c - a scroll of enchant weapon {unknown}
 g - 3 scrolls of brand weapon {unknown}
 k - a scroll of vulnerability {unknown}
Potions
 j - a potion of attraction {unknown}


   Skills:
 - Level 4.0 Fighting
 * Level 8.0 Axes
 + Level 3.8 Armour
 - Level 2.6 Dodging


You had 5 spell levels left.
You didn't know any spells.
Your spell library was empty.

Dungeon Overview and Level Annotations

Branches:
Dungeon (5/15)
 Temple: D:4-7

Altars:

Annotations:
D:4 Menkaure, Robin


Innate Abilities, Weirdness & Mutations

You have a pair of horns on your head.
You reflexively headbutt those who attack you in melee.
You are partially covered in thin metallic scales. (AC +2)
Your system is resistant to poisons. (rPois)
Your spells are a little easier to cast, but a little less powerful.


Message History

Aim: a centaur, wielding a +0 shortbow, quivering arrows and carrying a wand of paralysis (4) (70% to hit)
You throw a poisoned dart. The poisoned dart hits the centaur.
The centaur is poisoned.
The centaur shoots an arrow.
The arrow hits you!
The centaur drinks a potion.
The centaur is healed!
The centaur looks more healthy.
You take 14 damage, and have 38/52 hp.
MASSIVE DAMAGE!!
The centaur shoots an arrow.
The arrow hits you.
You take 6 damage, and have 32/52 hp.
Okay, then.
You start resting.
The centaur shoots an arrow.
The arrow hits you!
You take 13 damage, and have 19/52 hp.
MASSIVE DAMAGE!!
The centaur unwields a +0 shortbow.
The centaur hits you!
* * * LOW HITPOINT WARNING * * *
You take 8 damage, and have 11/52 hp.
Okay, then.
A red film seems to cover your vision as you go berserk!
You feel yourself moving faster!
You feel mighty! The centaur hits you.
* * * LOW HITPOINT WARNING * * *
The centaur zaps a wand.
You suddenly lose the ability to move!
The centaur zaps a wand.
You resist with some effort. The centaur hits you.
* * * LOW HITPOINT WARNING * * *
The centaur hits you but does no damage.
The centaur barely misses you.
The centaur zaps a wand.
You resist with some effort.
The centaur zaps a wand.
You shrug off the repeated paralysis!
The now-empty wand crumbles to dust.
The centaur hits you but does no damage.
The centaur hits you.
* * * LOW HITPOINT WARNING * * *
The centaur hits you!
* * * LOW HITPOINT WARNING * * *
You can move again.
You now have 1/78 hp.
You hit the centaur.
The centaur is lightly wounded.
You barely miss the centaur. You headbutt the centaur!
The centaur is heavily wounded.
The centaur hits you.
You die...

..........'..#.#.# #.# #.#
..........##.#.#.#######.# #.#
..........#....#.........# #.#
..........#..##################.#
..........#..#...................
..........#..<.#####....#########
.......#.....).#..##.)........#
........[......c.>##...######.#
##.#.#....#.#..#@###...# #.#
#.#...#..#.#..#.# #...#### #.# #
#...#..#.#..#.###...##.# #.#
#...#..#.#..#.#......#.###.###
.#..##.......#......###.......#
..........#..###........###.#.#
#####..####.# #..#.#######.#.#
#.......[.#.# #..#............
#.###...###.# #..#########.###


You could see a centaur.

Vanquished Creatures
  2 sky beasts (D:5)
  An ogre (D:5)
  A hound (D:4)
  A worker ant (D:5)
  An adder (D:2)
  An ooze (D:2)
  A worm (D:2)
  A leopard gecko (D:1)
  2 orcs (D:4)
  5 bats
  2 giant cockroaches (D:2)
  8 goblins
  3 hobgoblins
  7 jackals
  5 kobolds
  A quokka (D:5)
  3 frilled lizards
  A quokka zombie (D:5)
  7 rats
53 creatures vanquished.

Notes
Turn   | Place    | Note
-------+----------+-------------------------------------------
     0 | D:1      | jasper the Minotaur Berserker began the quest for the Orb.
     0 | D:1      | Reached XP level 1. HP: 19/19 MP: 0/0
   392 | D:1      | Reached XP level 2. HP: 22/27 MP: 1/1
  1118 | D:1      | Reached skill level 4 in Axes
  1690 | D:2      | Reached XP level 3. HP: 20/33 MP: 2/2
  2183 | D:2      | Reached skill level 5 in Axes
  2190 | D:2      | Reached ** piety under Trog
  2378 | D:2      | You fall into a shaft and drop 2 floors!
  2399 | D:4      | Reached XP level 4. HP: 35/40 MP: 3/3
  2411 | D:4      | Noticed an ogre
  2413 | D:4      | Noticed Menkaure
  2414 | D:4      | Noticed Robin
  2437 | D:5      | Entered Level 5 of the Dungeon
  2441 | D:5      | Reached skill level 6 in Axes
  2453 | D:5      | Noticed a centaur
  2462 | D:5      | Noticed an ogre
  2466 | D:5      | Gained mutation: Your spells are a little easier to cast,
                  | but a little less powerful. [potion of mutation]
  2466 | D:5      | Gained mutation: You are partially covered in thin metallic
                  | scales. (AC +2) [potion of mutation]
  2466 | D:5      | Gained mutation: Your system is resistant to poisons.
                  | (rPois) [potion of mutation]
  2468 | D:5      | Killed an ogre
  2469 | D:5      | Reached skill level 7 in Axes
  2469 | D:5      | Reached XP level 5. HP: 13/46 MP: 4/4
  2792 | D:5      | Noticed a sky beast
  2805 | D:5      | Killed a sky beast
  2806 | D:5      | Reached XP level 6. HP: 52/52 MP: 5/5
  2883 | D:5      | Noticed a sky beast
  2893 | D:5      | Killed a sky beast
  2894 | D:5      | Reached skill level 8 in Axes
  3003 | D:5      | Paralysed by a centaur for 7 turns
  3009 | D:5      | HP: 1/78 [centaur (8)]
  3011 | D:5      | Slain by a centaur

Illustrated notes

Levels and vault maps discovered:
D:1:      dpeg_arrival_round_b, layout_basic
D:2:      layout_loops_ring, minmay_close_crescents
D:4:      layout_cave_pools, lemuel_coloured_pillars_altar, uniq_menkaure,
          uniq_robin, uniq_duvessa
D:5:      layout_basic

Skill      XL: |  1  2  3  4  5  6 |
---------------+-------------------+-----
Fighting       | 4 |  4.0
Axes           | 4 5 7 8 |  8.0
Armour         | 3 |  3.8
Dodging        | |  2.6

Action                   |  1- 3 |  4- 6 || total
-------------------------+-------+-------++-------
Melee: Hand axe          |    91 |    29 ||   120
       Headbutt          |    11 |     9 ||    20
Throw: Stone             |    34 |       ||    34
       Dart              |     1 |     9 ||    10
Invok: Berserk           |     2 |     4 ||     6
       Trog's Hand       |       |     2 ||     2
  Use: Potion            |       |     1 ||     1
Armor: Animal skin       |    10 |       ||    10
       Ring mail         |     7 |    13 ||    20
Dodge: Dodged            |    47 |    17 ||    64

Table legend: (Time is in decaauts)
 A = Elapsed time spent in this place.
 B = Non-inter-level travel time spent in this place.
 C = Inter-level travel time spent in this place.
 D = Time resting spent in this place.
 E = Time spent auto-exploring this place.
 F = Levels seen in this place.
 G = Mean time per level.
                   A        B        C        D        E       F      G
               +--------+--------+--------+--------+--------+-----+--------+
         Total |   3069 |   2975 |     94 |   1284 |   1240 |   4 |  767.2 |
       Dungeon |   3069 |   2975 |     94 |   1284 |   1240 |   4 |  767.2 |
               +--------+--------+--------+--------+--------+-----+--------+

Top non-repeatable levels by time:
     D:1: 1289 daAuts
     D:2: 1119 daAuts
     D:5: 602 daAuts
     D:4: 58 daAuts
